AoeStats
← chirigatica

Glade

510437908Analyzed
1v1 RM · 2d ago on Oct 1, 2026· 30m 28s· 2 players
Game mode
Random Map
Map size
Tiny (2 player)
Population
200
Speed
Normal
Resources
Standard
Victory
Conquest
Starting age
Dark Age
Ending age
Imperial Age
RankedLock teamsTeams togetherTeam positionsShared explorationLock speedFull tech treeHidden civsTurbo modeCheats
Victory
Defeat
🇨🇱 Sicilians · Chile
257
+9
🇺🇸 Vietnamese · United States
89
-9
PacoX
10:46 Feudal Age
17:31 Horse Collar
20:06 Gold Mining
22:13 Double-Bit Axe
29:09 Castle Age
29:05 Stone Mining
chirigatica
4:51 Loom
12:46 Feudal Age
14:51 Wheelbarrow
14:00 Horse Collar
14:11 Double-Bit Axe
23:58 Gold Mining
24:02 Stone Mining
24:52 Forging
24:43 Scale Mail Armor
25:17 Bloodlines
26:46 Scale Barding Armor
31:44 Castle Age
Connection lost

Rejoining the realm…

Still unreachable

The connection could not be restored.

Session expired

The server has moved on; the page needs a fresh start.